 Dungeon Crawl Stone Soup version 0.28-a0-1236-gb25a51b929 (webtiles) character file.

Game seed: 6688252105412299061

627 donnydurka the Poker (level 7, -4/61 HPs)
             Began as a Minotaur Berserker on Dec 25, 2021.
             Was a Priest of Trog.
             Slain by an ogre (12 damage)
             ... on level 5 of the Dungeon.
             The game lasted 00:20:26 (5007 turns).

donnydurka the Poker (Minotaur Berserker)           Turns: 5007, Time: 00:20:27

Health: -4/61      AC:  7    Str: 24    XL:     7   Next: 23%
Magic:  6/6        EV: 11    Int:  4    God:    Trog [***...]
Gold:   96         SH:  0    Dex:  9    Spells: 6/6 levels left

rFire   . . .      SeeInvis .   a - +0 spear
rCold   . . .      Faith    .   (no shield)
rNeg    . . .      Spirit   .   f - +0 scale mail
rPois   .          Reflect  .   (helmet restricted)
rElec   .          Harm     .   r - scarf {repulsion}
rCorr   .          Rampage  .   (no gloves)
Will    .....                   (no boots)
Stlth   ..........              (no amulet)
HPRegen 0.20/turn               (no ring)
MPRegen 0.10/turn               (no ring)

@: on berserk cooldown, slowed, repel missiles, very slow
A: horns 2, retaliatory headbutt
a: Renounce Religion, Berserk, Trog's Hand


You were on level 5 of the Dungeon.
You worshipped Trog.
Trog was most pleased with you.
You visited 1 branch of the dungeon, and saw 5 of its levels.

You collected 96 gold pieces.

Inventory:

Hand Weapons
 a - a +0 spear (weapon)
Missiles
 d - 210 stones (quivered)
 i - 40 bolts
 m - 5 boomerangs of dispersal
Armour
 b - a +0 animal skin
 f - a +0 scale mail (worn)
 h - a +0 leather armour
 p - a +0 ring mail
 r - a scarf of repulsion (worn)
Jewellery
 w - a ring of fire
Scrolls
 g - 2 scrolls of identify {unknown}
 j - 3 scrolls of fear {unknown}
 l - a scroll of silence {unknown}
 o - a scroll of immolation {unknown}
 q - a scroll of summoning {unknown}
 s - 2 scrolls of vulnerability {unknown}
 t - a scroll of enchant armour {unknown}
 u - a scroll of teleportation {unknown}
 v - a scroll of magic mapping {unknown}
Potions
 c - 3 potions of ambrosia {unknown}
 e - a potion of curing {unknown}
 k - a potion of might {unknown}
 n - a potion of heal wounds {unknown}
 x - a potion of magic {unknown}


   Skills:
 + Level 5.3 Fighting
 + Level 6.5 Polearms
 + Level 1.3 Throwing
 + Level 6.0 Armour
 - Level 3.1 Dodging
 + Level 1.0 Stealth


You had 6 spell levels left.
You didn't know any spells.
Your spell library contained the following spells:

 Spells                   Type           Power      Damage    Failure   Level
 Freeze                   Ice            0%         1d3       78%         1
 Frozen Ramparts          Ice            0%         1d2       98%         3
 Hailstorm                Conj/Ice       0%         3d3       100%        4


Dungeon Overview and Level Annotations

Branches:
Dungeon (5/15)
 Temple: D:4-7

Altars:
Fedhas
Wu Jian
Xom

Shops:
D:3 =

Annotations:
D:5 Grinder


Innate Abilities, Weirdness & Mutations

You have a pair of horns on your head.
You reflexively headbutt those who attack you in melee.


Message History

You writhe in agony.
The orc barely misses you.
You hit the orc.
You kill the orc!
Trog accepts your kill. Grinder hits you.
You writhe in agony.
The ogre hits you with a +0 giant club!!
The orc barely misses you.
Things that are here:
a +0 club; a +0 leather armour You closely miss the orc.
You headbutt the orc!
You kill the orc!
Trog accepts your kill.
Your Armour skill increases to level 6!
The ogre hits you with a +0 giant club!!
* * * LOW HITPOINT WARNING * * *
Grinder gestures at you.
You suddenly lose the ability to move!
The ogre barely misses you. Grinder gestures at you.
You shrug off the repeated paralysis!
The ogre barely misses you.
Grinder blinks!
The ogre hits you with a +0 giant club!
* * * LOW HITPOINT WARNING * * *
The ogre barely misses you.
Grinder says, "I used to sell toenails on the black market."
Grinder blinks!
You can move again.
You see here a +0 whip.
You hit the ogre.
The ogre is lightly wounded.
You puncture the ogre!
The ogre is heavily wounded.
You are no longer berserk.
You are exhausted.
You feel yourself slow down.
You hit the ogre.
The ogre is heavily wounded.
The ogre barely misses you. The ogre closely misses you.
The ogre hits you with a +0 giant club!
You die...

#......# ♣♣♣♣'♣♣♣♣.#
+.......'.#
♣.#...#.♣.# .♣
#._.#.♣†#
.♣.#...#.♣.###########
+.......'...........#
#♣♣♣♣'♣♣♣♣.#########.#
.>.#..# #.....)@)##.#
#.....# #..#####O##.#
#.##..# #..# #.##.#
..#.#.# #..# #)##.#
...##.# #..# ###5##.#
#...... ...# #...##.#
#####.....###...#..#.#
#######/.......###
..........


You could see Grinder and an ogre.

Vanquished Creatures
  A centaur (D:5)
  A phantom (D:4)
  2 water moccasin skeletons
  4 hounds (D:5)
  A jelly (D:5)
  2 iguanas (D:4)
  An orc wizard (D:5)
  7 adders
  An ufetubus (D:4)
  An adder zombie (D:5)
  A worm (D:3)
  An adder skeleton (D:4)
  2 dart slugs
  6 orcs
  4 endoplasms
  7 giant cockroaches
  6 goblins
  7 hobgoblins
  7 jackals
  3 quokkas
  6 ball pythons
  2 bats
  6 frilled lizards
  5 kobolds
  3 rats
  A bush (D:5)
88 creatures vanquished.

Vanquished Creatures (others)
  A plant (D:1)
1 creature vanquished.

Grand Total: 89 creatures vanquished

Notes
Turn   | Place    | Note
-------+----------+-------------------------------------------
     0 | D:1      | donnydurka the Minotaur Berserker began the quest for the
                  | Orb.
     0 | D:1      | Reached XP level 1. HP: 19/19 MP: 0/0
   386 | D:1      | Reached XP level 2. HP: 23/27 MP: 1/1
   440 | D:1      | Found a faded altar of an unknown god.
  1104 | D:2      | Reached XP level 3. HP: 30/33 MP: 2/2
  1373 | D:2      | Reached ** piety under Trog
  1773 | D:3      | Reached XP level 4. HP: 37/40 MP: 3/3
  1781 | D:3      | Found Waniquin's Jewellery Boutique.
  1895 | D:3      | Found an ornate altar of the Wu Jian Council.
  3016 | D:4      | Reached skill level 1 in Throwing
  3016 | D:4      | Reached XP level 5. HP: 33/47 MP: 4/4
  3238 | D:4      | Reached skill level 5 in Polearms
  3771 | D:4      | Noticed a phantom
  3780 | D:4      | Killed a phantom
  3781 | D:4      | Reached XP level 6. HP: 47/55 MP: 5/5
  3974 | D:4      | Reached *** piety under Trog
  4334 | D:5      | Entered Level 5 of the Dungeon
  4495 | D:5      | Found a blossoming altar of Fedhas.
  4513 | D:5      | Reached skill level 5 in Armour
  4567 | D:5      | Reached skill level 5 in Fighting
  4810 | D:5      | Reached XP level 7. HP: 61/61 MP: 6/6
  4844 | D:5      | Found a shimmering altar of Xom.
  4936 | D:5      | Noticed Grinder
  4949 | D:5      | Reached skill level 1 in Stealth
  4998 | D:5      | Paralysed by Grinder for 5 turns
  5007 | D:5      | Slain by an ogre

Illustrated notes

Levels and vault maps discovered:
D:1:      psy_arrival_statuary, layout_basic, basic_ecumenical_altar,
          serial_bayou_crossing
D:2:      layout_basic, moated_statue
D:3:      layout_basic, nzn_wu_jian_contemplation, serial_shops,
          nicolae_shop_behind_doors, serial_co_window_serial,
          co_window_corner_a, co_window_paths_b, co_window_of_opportunity_a,
          co_window_paths_b, co_window_cross_1, co_window_paths_a,
          co_window_paths_a, co_window_broadway_a, co_window_2corner,
          co_window_broadway_b, glass_columns_b, glass_columns_a
D:4:      layout_basic
D:5:      minmay_skewed_foursquare, layout_loops_ring,
          fedhas_bush_and_centaur_altar, mainiacjoe_overflow_six_doors_small,
          led_sif_pool, minmay_temple_entry_mist, water_maze_lemuel,
          uniq_sigmund, uniq_grinder, uniq_ijyb

Skill      XL: |  1  2  3  4  5  6  7 |
---------------+----------------------+-----
Armour         | 3 4 5 6 |  6.0
Polearms       | 4 5 6 |  6.5
Fighting       | 4 5 |  5.3
Dodging        | 3 |  3.1
Throwing       | 1 |  1.3
Stealth        | 1 |  1.0

Action                   |  1- 3 |  4- 6 |  7- 9 || total
-------------------------+-------+-------+-------++-------
Melee: Spear             |    70 |   196 |    54 ||   320
       Headbutt          |    13 |    49 |     9 ||    71
Throw: Stone             |     3 |     4 |       ||     7
Invok: Berserk           |       |       |     1 ||     1
Armor: Animal skin       |     8 |       |       ||     8
       Scale mail        |    25 |    56 |    25 ||   106
Dodge: Dodged            |    39 |    77 |    27 ||   143
       Repelled          |       |     1 |       ||     1

Table legend: (Time is in decaauts)
 A = Elapsed time spent in this place.
 B = Non-inter-level travel time spent in this place.
 C = Inter-level travel time spent in this place.
 D = Time resting spent in this place.
 E = Time spent auto-exploring this place.
 F = Levels seen in this place.
 G = Mean time per level.
                   A        B        C        D        E       F      G
               +--------+--------+--------+--------+--------+-----+--------+
         Total |   4962 |   4962 |      0 |    875 |   1736 |   5 |  992.4 |
       Dungeon |   4962 |   4962 |      0 |    875 |   1736 |   5 |  992.4 |
               +--------+--------+--------+--------+--------+-----+--------+

Top non-repeatable levels by time:
     D:4: 1470 daAuts
     D:3: 1107 daAuts
     D:1: 1054 daAuts
     D:2: 685 daAuts
     D:5: 644 daAuts
